UNITED STATES SILVER LEAGUE
CASPER GHOSTS VS NORFOLK CRUISERS
06/28/2014
 
TOP OF THE 1ST
Norfolk Cruisers batting - Pitching for Casper Ghosts : RHP Jim Roberts
Pitching: RHP Jim Roberts
Batting: RHB Terry Sylvester 0-0: Ball
1-0: Called Strike
1-1: Ball
2-1: Ball
3-1: Called Strike
3-2: SINGLE (Groundball, 6MD)
Batting: SHB Pancho Ríos 0-0: Called Strike
Terry Sylvester is caught stealing 2nd base
0-1: Ball
1-1: Ball
2-1: Fly out, F7 (Flyball, 78M)
Batting: RHB Ben Ramey 0-0: Ball
1-0: Swinging Strike
1-1: Ground out 1-3 (Groundball, 15)
Top of the 1st over - 0 run(s), 1 hit(s), 0 error(s), 0 left on base; Norfolk 0 - Casper 0
BOTTOM OF THE 1ST
Casper Ghosts batting - Pitching for Norfolk Cruisers : RHP Rich Hunter
Pitching: RHP Rich Hunter
Batting: RHB Luis Rojas 0-0: Ball
1-0: Ball
2-0: Called Strike
2-1: Called Strike
2-2: Ball
3-2: Foul Ball, location: 2F
3-2: Base on Balls
Batting: LHB Francisco Mendoza 0-0: Ball
1-0: Fielders Choice at 2nd, U6 (Groundball, 6)
Batting: LHB Mike Silver 0-0: Swinging Strike
0-1: Ground out 4-3 (Groundball, 34D)
Francisco Mendoza to second
Batting: LHB Marcos Zúñiga 0-0: Foul Ball, location: 2F
0-1: Ball
1-1: Foul Ball, location: 2F
1-2: Fly out, F7 (Flyball, 78S)
Bottom of the 1st over - 0 run(s), 0 hit(s), 0 error(s), 1 left on base; Norfolk 0 - Casper 0
TOP OF THE 2ND
Norfolk Cruisers batting - Pitching for Casper Ghosts : RHP Jim Roberts
Batting: RHB Pedro Peña 0-0: Ball
1-0: Ball
2-0: Fly out, F8 (Flyball, 89S)
Batting: RHB Carlos Rodríguez 0-0: Foul Ball, location: 2F
0-1: Foul Ball, location: 2F
0-2: Ball
1-2: Ball
2-2: Ball
3-2: Base on Balls
Batting: SHB Scott Duncan 0-0: Called Strike
0-1: Foul Ball, location: 2F
0-2: Grounds out, U3 (Groundball, 3L)
Batting: SHB Sancho Rivera 0-0: Ground out 4-3 (Groundball, 4M)
Top of the 2nd over - 0 run(s), 0 hit(s), 0 error(s), 1 left on base; Norfolk 0 - Casper 0
BOTTOM OF THE 2ND
Casper Ghosts batting - Pitching for Norfolk Cruisers : RHP Rich Hunter
Batting: SHB Juan Sánchez 0-0: Ball
1-0: Called Strike
1-1: Called Strike
1-2: Foul Ball, location: 2F
1-2: Foul Ball, location: 2F
1-2: Ground out U3 (Groundball, 3L)
Batting: LHB Dan Negrón 0-0: Swinging Strike
0-1: SINGLE (Line Drive, 9LS)
Batting: RHB Edward Cain 0-0: Foul Ball, location: 2F
0-1: Ball
1-1: Swinging Strike
1-2: Strikes out swinging
Batting: RHB Owen Cunningham 0-0: Called Strike
Dan Negrón is caught stealing 2nd base
Bottom of the 2nd over - 0 run(s), 1 hit(s), 0 error(s), 0 left on base; Norfolk 0 - Casper 0
TOP OF THE 3RD
Norfolk Cruisers batting - Pitching for Casper Ghosts : RHP Jim Roberts
Batting: RHB Bill Childers 0-0: Ball
1-0: Swinging Strike
1-1: Ball
2-1: Ground out U3 (Groundball, 3)
Batting: RHB Rich Hunter 0-0: Called Strike
0-1: Foul Ball, location: 2F
0-2: Ball
1-2: Foul Ball, location: 2F
1-2: Ground out 6-3 (Groundball, 6)
Batting: RHB Terry Sylvester 0-0: Ball
1-0: Foul Ball, location: 2F
1-1: Called Strike
1-2: Foul Ball, location: 2F
1-2: Strikes out swinging
Top of the 3rd over - 0 run(s), 0 hit(s), 0 error(s), 0 left on base; Norfolk 0 - Casper 0
BOTTOM OF THE 3RD
Casper Ghosts batting - Pitching for Norfolk Cruisers : RHP Rich Hunter
Batting: RHB Owen Cunningham 0-0: Called Strike
0-1: Ball
1-1: Swinging Strike
1-2: Strikes out swinging
Batting: SHB Jim Roberts 0-0: Called Strike
0-1: Called Strike
0-2: Ground out 4-3 (Groundball, 4)
Batting: RHB Luis Rojas 0-0: Swinging Strike
0-1: Ball
1-1: Swinging Strike
1-2: Strikes out swinging
Bottom of the 3rd over - 0 run(s), 0 hit(s), 0 error(s), 0 left on base; Norfolk 0 - Casper 0
TOP OF THE 4TH
Norfolk Cruisers batting - Pitching for Casper Ghosts : RHP Jim Roberts
Batting: SHB Pancho Ríos 0-0: SINGLE (Flyball, 7S)
Batting: RHB Ben Ramey 0-0: Called Strike
0-1: Called Strike
0-2: Ball
Wild Pitch!
Pancho Ríos to second
1-2: Ground out 6-3 (Groundball, 56)
Batting: RHB Pedro Peña 0-0: Called Strike
0-1: Ball
Wild Pitch!
Pancho Ríos to third
1-1: Ground out 5-3 (Groundball, 5)
Batting: RHB Carlos Rodríguez 0-0: Ball
1-0: Ball
2-0: Called Strike
2-1: Called Strike
2-2: Fly out, F4 (Popup, 8LS)
Top of the 4th over - 0 run(s), 1 hit(s), 0 error(s), 1 left on base; Norfolk 0 - Casper 0
BOTTOM OF THE 4TH
Casper Ghosts batting - Pitching for Norfolk Cruisers : RHP Rich Hunter
Batting: LHB Francisco Mendoza 0-0: SINGLE (Groundball, 56D) (infield hit)
Batting: LHB Mike Silver 0-0: Ball
1-0: Ball
2-0: Fielders Choice at 2nd, 3-6 (Groundball, 34)
Batting: LHB Marcos Zúñiga 0-0: Called Strike
Mike Silver steals 2nd base
0-1: Ball
1-1: 2-RUN HOME RUN (Flyball, 89XD), Distance : 435 ft
Batting: SHB Juan Sánchez 0-0: Fly out, F9 (Flyball, 8RS)
Batting: LHB Dan Negrón 0-0: Fly out, F8 (Flyball, 8LXD)
Bottom of the 4th over - 2 run(s), 2 hit(s), 0 error(s), 0 left on base; Norfolk 0 - Casper 2
TOP OF THE 5TH
Norfolk Cruisers batting - Pitching for Casper Ghosts : RHP Jim Roberts
Batting: SHB Scott Duncan 0-0: Ball
1-0: Called Strike
1-1: Ball
2-1: Foul Ball, location: 2F
2-2: Fly out, F9 (Flyball, 89D)
Batting: SHB Sancho Rivera 0-0: Foul Ball, location: 2F
0-1: Called Strike
0-2: Ball
1-2: Ball
2-2: SINGLE (Line Drive, 34D)
Batting: RHB Bill Childers 0-0: Ball
1-0: Ball
2-0: Fly out, F8 (Flyball, 8LXD)
Runner from 1st tags up, SAFE at 2nd
Batting: RHB Rich Hunter 0-0: Foul Ball, location: 2F
0-1: Ball
1-1: Swinging Strike
1-2: Foul Ball, location: 2F
1-2: Strikes out swinging
Top of the 5th over - 0 run(s), 1 hit(s), 0 error(s), 1 left on base; Norfolk 0 - Casper 2
BOTTOM OF THE 5TH
Casper Ghosts batting - Pitching for Norfolk Cruisers : RHP Rich Hunter
Batting: RHB Edward Cain 0-0: Ball
1-0: Called Strike
1-1: Ball
2-1: Foul Ball, location: 2F
2-2: Strikes out swinging
Batting: RHB Owen Cunningham 0-0: Ball
1-0: Ball
2-0: Called Strike
2-1: Ground out 4-3 (Groundball, 4M)
Batting: SHB Jim Roberts 0-0: Ground out 5-3 (Groundball, 15S)
Bottom of the 5th over - 0 run(s), 0 hit(s), 0 error(s), 0 left on base; Norfolk 0 - Casper 2
TOP OF THE 6TH
Norfolk Cruisers batting - Pitching for Casper Ghosts : RHP Jim Roberts
Batting: RHB Terry Sylvester 0-0: Ball
1-0: Called Strike
1-1: TRIPLE (Line Drive, 89M)
Batting: SHB Pancho Ríos 0-0: Ball
1-0: Ball
2-0: Ground out 6-3 (Groundball, 6)
Terry Sylvester scores
Batting: RHB Ben Ramey 0-0: Called Strike
0-1: Ball
1-1: Foul Ball, location: 2F
1-2: Foul Ball, location: 2F
1-2: Ball
2-2: Foul Ball, location: 2F
2-2: Fly out, F6 (Popup, 6M)
Batting: RHB Pedro Peña 0-0: Ball
1-0: Ball
2-0: SINGLE (Line Drive, 34)
Batting: RHB Carlos Rodríguez 0-0: Ball
1-0: Swinging Strike
1-1: 2-RUN HOME RUN (Flyball, 78XD), Distance : 435 ft
Batting: SHB Scott Duncan 0-0: Called Strike
0-1: Ball
1-1: Ball
2-1: SINGLE (Groundball, 4MD) (infield hit)
Batting: SHB Sancho Rivera 0-0: Called Strike
0-1: Ball
1-1: Swinging Strike
1-2: Ball
2-2: Fly out, F9 (Flyball, 9S)
Top of the 6th over - 3 run(s), 4 hit(s), 0 error(s), 1 left on base; Norfolk 3 - Casper 2
BOTTOM OF THE 6TH
Casper Ghosts batting - Pitching for Norfolk Cruisers : RHP Rich Hunter
Batting: RHB Luis Rojas 0-0: Ball
1-0: Called Strike
1-1: Swinging Strike
1-2: Ball
2-2: SOLO HOME RUN (Line Drive, 78XD), Distance : 437 ft
Batting: LHB Francisco Mendoza 0-0: Called Strike
0-1: Ball
1-1: Swinging Strike
1-2: SINGLE (Line Drive, 8LS)
Batting: LHB Mike Silver 0-0: Called Strike
0-1: Ball
1-1: Ball
2-1: TRIPLE (Line Drive, 9LM)
Francisco Mendoza scores
Batting: LHB Marcos Zúñiga 0-0: Fly out, F9 (Line Drive, 9M)
Runner from 3rd tags up, SCORES, no throw
Pitching: LHP Adrián Martínez
Now at 1B: Frank McKinney
Batting: SHB Juan Sánchez 0-0: Fly out, F7 (Flyball, 7M)
Batting: LHB Dan Negrón 0-0: Ground out 5-3 (Groundball, 56)
Bottom of the 6th over - 3 run(s), 3 hit(s), 0 error(s), 0 left on base; Norfolk 3 - Casper 5
TOP OF THE 7TH
Norfolk Cruisers batting - Pitching for Casper Ghosts : RHP Jim Roberts
Batting: RHB Bill Childers 0-0: Foul Ball, location: 2F
0-1: Called Strike
0-2: Ball
1-2: Foul Ball, location: 2F
1-2: Ball
2-2: SINGLE (Line Drive, 6MD)
Batting: RHB Frank McKinney 0-0: Grounds into double play, 1-6-3 (Groundball, 15)
Batting: RHB Terry Sylvester 0-0: Ball
1-0: Ball
2-0: Ball
3-0: Base on Balls
Batting: SHB Pancho Ríos 0-0: Ball
Terry Sylvester is caught stealing 2nd base
Top of the 7th over - 0 run(s), 1 hit(s), 0 error(s), 0 left on base; Norfolk 3 - Casper 5
BOTTOM OF THE 7TH
Casper Ghosts batting - Pitching for Norfolk Cruisers : LHP Adrián Martínez
Batting: RHB Edward Cain 0-0: Ball
1-0: Called Strike
1-1: Ball
2-1: Ball
3-1: Base on Balls
Batting: RHB Owen Cunningham 0-0: Ball
1-0: Ball
2-0: Foul Ball, location: 2F
2-1: Ball
3-1: Base on Balls
Edward Cain to second
Pinch Hitting: LHB Tom Smith 0-0: Ball
1-0: Ball
2-0: Ball
3-0: Called Strike
3-1: Grounds into double play, 4-6-3 (Groundball, 4)
Edward Cain to third
Batting: RHB Luis Rojas 0-0: Called Strike
0-1: Ball
1-1: Ball
2-1: Ball
3-1: Called Strike
3-2: Base on Balls
Batting: LHB Francisco Mendoza 0-0: Ball
1-0: Swinging Strike
1-1: Ball
2-1: Foul Ball, location: 2F
2-2: Ground out 4-3 (Groundball, 4)
Bottom of the 7th over - 0 run(s), 0 hit(s), 0 error(s), 2 left on base; Norfolk 3 - Casper 5
TOP OF THE 8TH
Norfolk Cruisers batting - Pitching for Casper Ghosts : RHP Jim Roberts
Pitching: LHP Walt Johnston
Batting: SHB Pancho Ríos 0-0: Foul Ball, location: 2F
0-1: Ball
1-1: Foul Ball, location: 2F
1-2: Ground out 6-3 (Groundball, 6M)
Batting: RHB Ben Ramey 0-0: Foul Ball, location: 2F
0-1: Ball
1-1: Ball
2-1: Fly out, F5 (Line Drive, 56)
Batting: RHB Pedro Peña 0-0: Called Strike
0-1: Fly out, F7 (Flyball, 78D)
Top of the 8th over - 0 run(s), 0 hit(s), 0 error(s), 0 left on base; Norfolk 3 - Casper 5
BOTTOM OF THE 8TH
Casper Ghosts batting - Pitching for Norfolk Cruisers : LHP Adrián Martínez
Batting: LHB Mike Silver 0-0: Foul Ball, location: 2F
0-1: Ball
1-1: Ball
2-1: Foul Ball, location: 2F
2-2: Ball
3-2: SOLO HOME RUN (Flyball, 8RXD), Distance : 447 ft
Batting: LHB Marcos Zúñiga 0-0: Called Strike
0-1: Ball
1-1: Ball
2-1: Swinging Strike
2-2: Ball
3-2: Strikes out swinging
Pitching: RHP John Green
Now at 1B: James Bolden
Batting: SHB Juan Sánchez 0-0: Ball
1-0: Ball
2-0: Called Strike
2-1: Called Strike
2-2: Foul Ball, location: 2F
2-2: Ground out 6-3 (Groundball, 6)
Batting: LHB Dan Negrón 0-0: Called Strike
0-1: Ball
1-1: SINGLE (Groundball, 34D)
Batting: RHB Edward Cain 0-0: Ball
1-0: Called Strike
1-1: Ball
Dan Negrón is caught stealing 2nd base
Bottom of the 8th over - 1 run(s), 2 hit(s), 0 error(s), 0 left on base; Norfolk 3 - Casper 6
TOP OF THE 9TH
Norfolk Cruisers batting - Pitching for Casper Ghosts : LHP Walt Johnston
Pitching: LHP Juan García
Now at 2B: Kip Jones
Batting: RHB Carlos Rodríguez 0-0: Called Strike
0-1: Swinging Strike
0-2: Fly out, F8 (Line Drive, 8LXD)
Batting: RHB James Bolden 0-0: Called Strike
0-1: Ball
1-1: Ball
2-1: Swinging Strike
2-2: Strikes out looking
Batting: SHB Sancho Rivera 0-0: Called Strike
0-1: Called Strike
0-2: Fly out, F8 (Flyball, 8LM)
Top of the 9th over - 0 run(s), 0 hit(s), 0 error(s), 0 left on base; Norfolk 3 - Casper 6
This league is powered by Out of the Park Baseball, the baseball management simulation game for PC, Mac and Linux
Thursday, April 24th, 2014 - OOTP Baseball 14.6 Build 33